 Dungeon Sprint DCSS version 0.27-a0-103-g6cd7b45605 (webtiles) character file.

Game seed: 10459125363795102854

70936 mhtbhm the Shatterer (level 14, -5/158 HPs)
             Began as a Minotaur Fighter on Jan 23, 2021.
             Was an Initiate of Gozag.
             Slain by Mennas
             ... wielding a +4 trishula of holy wrath
              (14 damage)
             ... in the Dungeon (Sprint IX: "|||||||||||||||||||||||||||||").
             The game lasted 00:09:22 (6230 turns).

mhtbhm the Shatterer (Minotaur Fighter)             Turns: 6230, Time: 00:09:22

Health: -5/158     AC: 25    Str: 30    XL:     14   Next: 95%
Magic:  13/13      EV: 15    Int:  7    God:    Gozag
Gold:   15402      SH: 20    Dex: 11    Spells: 13/13 levels left

rFire    + + .     SeeInvis .   a - +1 demon whip of Sudden Death {freeze, +Blink rElec rC- Str+5}
rCold    + + .     Faith    .   c - +2 shield of Resistance {rF++ rC++ Will++}
rNeg     + . .     Spirit   .   b - +3 chain mail
rPois    +         Reflect  .   (helmet restricted)
rElec    +         Harm     .   u - +2 cloak {rPois}
rCorr    .         Rampage  .   p - +1 pair of gloves
Will     +++..     NoTele   +   t - +0 pair of boots
Stlth    ..........             (no amulet)
HPRegen  0.36/turn              y - ring of protection from cold
MPRegen  0.13/turn              q - ring "Misaef" {rN+ Int+2}

@: berserk cooldown, hasted, glowing, very quick
A: retaliatory headbutt, horns 2
a: Renounce Religion, Evoke Blink, Potion Petition, Call Merchant, Bribe Branch


You were in the Dungeon.
You worshipped Gozag.
Gozag was extremely pleased with you.
You visited 1 branch You collected 17269 gold pieces.
You spent 660 gold pieces at shops.
You paid 1207 gold pieces to Gozag.

Inventory:

Hand Weapons
 a - the +1 demon whip of Sudden Death (weapon) {freeze, +Blink rElec rC- Str+5}
   (You bought it in a shop in the Dungeon)

   It has been specially enchanted to freeze those struck by it, causing extra
   injury to most foes and up to half again as much damage against particularly
   susceptible opponents.
   It can also slow down cold-blooded creatures.
   It affects your strength (+5).
   It makes you vulnerable to cold.
   It insulates you from electricity.
   It lets you blink.
Missiles
 s - a throwing net
 v - 8 curare-tipped darts (quivered)
Armour
 b - a +3 chain mail (worn)
 c - the +2 shield of Resistance (worn) {rF++ rC++ Will++}
   (You found it in the Dungeon)

   It greatly protects you from fire.
   It greatly protects you from cold.
   It affects your willpower, your defense against some magical effects.
 p - a +1 pair of gloves (worn)
 t - a +0 pair of boots (worn)
 u - a +2 cloak of poison resistance (worn)
Jewellery
 q - the ring "Misaef" (right hand) {rN+ Int+2}
   (You found it in the Dungeon)

   [ring of positive energy]

   It affects your intelligence (+2).
   It protects you from negative energy.
 x - an uncursed ring of willpower
 y - a ring of protection from cold (left hand)
 A - an uncursed ring of see invisible
Wands
 e - a wand of paralysis (7)
Scrolls
 j - 2 scrolls of blinking
 l - 5 scrolls of remove curse
 m - 2 scrolls of amnesia
 r - 6 scrolls of enchant weapon
 z - a scroll of fog
 B - 2 scrolls of enchant armour
 C - a scroll of fear
Potions
 d - 4 potions of might
 f - 4 potions of heal wounds
 g - 2 potions of haste
 h - 4 potions of magic
 i - a potion of berserk rage
 k - 2 potions of curing
 o - a potion of mutation
 w - a potion of lignification {unknown}


   Skills:
 + Level 23.7 Fighting
 + Level 25.2 Maces & Flails
 + Level 1.2 Throwing
 + Level 17.1 Armour
 + Level 12.8 Dodging
 - Level 1.2 Stealth
 + Level 24.2 Shields
 + Level 5.4 Evocations


You had 13 spell levels left.
You didn't know any spells.
Your spell library was empty.

Dungeon Overview and Level Annotations

Branches:
Dungeon (1/1)

Altars:
Cheibriados
Dithmenos
Elyvilon
Fedhas
Gozag
Hepliaklqana
Kikubaaqudgha
Makhleb
Nemelex Xobeh
Okawaru
Qazlal
Ru
Sif Muna
Trog
Uskayaw
Vehumet
Wu Jian
Xom
Yredelemnul
Zin
The Shining One
Beogh
Jiyva
Lugonu

Shops:
D ([}(:

Annotations:
D Mennas


Innate Abilities, Weirdness & Mutations

You reflexively headbutt those who attack you in melee.
You have a pair of horns on your head.


Message History

Mennas is heavily wounded.
You feel yourself speed up. Mennas completely misses you.
You furiously retaliate!
You headbutt Mennas, but do no damage. You block Mennas's attack.
Mennas blocks your attack.
Mennas is heavily wounded.
Mennas blocks your attack.
Mennas is heavily wounded.
Mennas hits you with a +4 trishula of holy wrath.
* * * LOW HITPOINT WARNING * * *
Mennas hits you with a +4 trishula of holy wrath!
* * * LOW HITPOINT WARNING * * *
You miss Mennas. Your headbutt misses Mennas.
Mennas is heavily wounded.
You whack Mennas! You freeze Mennas.
Mennas is heavily wounded.
Mennas becomes audible again.
You block Mennas's attack.
Mennas hits you with a +4 trishula of holy wrath!
You die...
Your body crumbles into a pile of gold.

.................................
▓▓▓▓▓▓▓▓▓▓♣♣♣♣♣♣♣♣♣.▓▓▓▓▓▓▓▓▓▓▓▓▓
.........'.........'.)(.))..))...
▓▓▓▓▓▓▓▓▓▓♣♣♣♣♣♣♣♣♣♣▓▓▓▓▓▓▓▓▓▓▓▓▓
.................................
▓▓▓▓▓▓▓▓▓▓▓▓▓▓▓▓▓▓▓▓▓▓▓▓▓▓▓▓▓▓▓▓▓
(())))))))........)).).))))[(....
▓▓▓▓▓▓▓▓▓▓▓▓▓▓▓▓▓▓▓▓▓▓▓▓▓▓▓▓▓▓▓▓▓
.............$$$@A......
▓▓▓▓▓▓▓▓▓▓▓▓▓▓▓▓▓▓▓▓▓▓▓▓


You could see Mennas.

Vanquished Creatures
  Margery (D)
  A lich (D)
  Rupert (D)
  A death cob (D)
  A storm dragon (D)
  2 fire giants (D)
  2 nagarajas (D)
  An iron dragon (D)
  A ghost moth (D)
  2 stone giants (D)
  A very ugly thing (D)
  An ironheart preserver (D)
  An entropy weaver (D)
  A spark wasp (D)
  Azrael (D)
  A fire dragon (D)
  An eleionoma (D)
  3 yaktaur captains (D)
  Josephine (D)
  A merfolk impaler (D)
  A great orb of eyes (D)
  A rakshasa (D)
  A vault guard (D)
  2 ice dragons (D)
  A merfolk avatar (D)
  4 ogre magi (D)
  3 centaur warriors (D)
  A merfolk aquamancer (D)
  An alligator (D)
  2 deep troll shamans (D)
  A tengu warrior (D)
  A vampire mage (D)
  4 orc high priests (D)
  Sonja (D)
  2 hell knights (D)
  A shadow wraith (D)
  A deep troll (D)
  A glowing orange brain (D)
  2 spriggan druids (D)
  A swamp dragon (D)
  A wizard (D)
  A deep elf archer (D)
  2 harpies (D)
  3 orc knights (D)
  An ironbrand convoker (D)
  A mana viper (D)
  4 necromancers (D)
  2 wolf spiders (D)
  A deep elf mage (D)
  2 ugly things (D)
  2 cyclopes (D)
  A moth of wrath (D)
  3 vault sentinels (D)
  Maurice (D)
  A water nymph (D)
  2 black mambas (D)
  A guardian serpent (D)
  A naga mage (D)
  2 cane toads (D)
  A gargoyle (D)
  A torpor snail (D)
  A komodo dragon (D)
  A demonic crawler (D)
  A tengu conjurer (D)
  A troll (D)
  2 merfolk (D)
  A hornet (D)
  2 tyrant leeches (D)
  A slime creature (D)
  A jumping spider (D)
  2 redbacks (D)
  4 wraiths (D)
  A wyvern (D)
  A yak (D)
  2 basilisks (D)
  2 nagas (D)
  2 wargs (D)
  A soldier ant (shapeshifter) (D)
  8 hell hounds (D)
  2 water moccasins (D)
  10 orc warriors (D)
  A tengu (shapeshifter) (D)
  4 wolves (D)
  A centaur (D)
  A big kobold (D)
  8 bullfrogs (D)
  A scorpion (D)
  A jelly (D)
  15 orc priests (D)
  An orc wizard (D)
  An iguana (D)
  3 worker ants (D)
  2 adders (D)
  An ufetubus (D)
  An ooze (D)
  An adder skeleton (D)
  10 orcs (D)
  2 bat skeletons (D)
  2 goblins (D)
  A hobgoblin (D)
  A ball python (D)
  A leopard gecko skeleton (D)
196 creatures vanquished.

Vanquished Creatures (others)
  A goliath frog (D)
  A bloated husk (D)
  A naga (D)
3 creatures vanquished.

Grand Total: 199 creatures vanquished

Notes
Turn   | Place    | Note
-------+----------+-------------------------------------------
     0 | D        | mhtbhm the Minotaur Fighter began the quest for the Orb.
     0 | D        | Reached XP level 1. HP: 19/19 MP: 0/0
     4 | D        | Banished a spatial maelstrom
    12 | D        | Reached XP level 2. HP: 28/28 MP: 1/1
   128 | D        | Reached skill level 5 in Fighting
   128 | D        | Reached skill level 3 in Maces & Flails
   128 | D        | Reached skill level 5 in Armour
   128 | D        | Reached skill level 5 in Shields
   128 | D        | Reached XP level 3. HP: 30/36 MP: 2/2
   136 | D        | Reached skill level 4 in Maces & Flails
   143 | D        | Reached XP level 4. HP: 19/44 MP: 3/3
   149 | D        | Found a roughly hewn altar of Beogh.
   149 | D        | Found a snail-covered altar of Cheibriados.
   149 | D        | Found a shadowy altar of Dithmenos.
   149 | D        | Found a white marble altar of Elyvilon.
   149 | D        | Found a blossoming altar of Fedhas.
   149 | D        | Found an opulent altar of Gozag.
   150 | D        | Found a hazy altar of Hepliaklqana.
   151 | D        | Found a viscous altar of Jiyva.
   152 | D        | Found an ancient bone altar of Kikubaaqudgha.
   153 | D        | Found a corrupted altar of Lugonu.
   154 | D        | Found a burning altar of Makhleb.
   155 | D        | Found a sparkling altar of Nemelex Xobeh.
   156 | D        | Found an iron altar of Okawaru.
   157 | D        | Found a stormy altar of Qazlal.
   158 | D        | Found a sacrificial altar of Ru.
   159 | D        | Found a shimmering blue altar of Sif Muna.
   163 | D        | Became a worshipper of Gozag Ym Sagoz the Greedy
   167 | D        | Found a bloodstained altar of Trog.
   168 | D        | Found a hide-covered altar of Uskayaw.
   169 | D        | Found a radiant altar of Vehumet.
   170 | D        | Found an ornate altar of the Wu Jian Council.
   171 | D        | Found a shimmering altar of Xom.
   172 | D        | Found a basalt altar of Yredelemnul.
   173 | D        | Found a glowing silver altar of Zin.
   174 | D        | Found a glowing golden altar of the Shining One.
   356 | D        | Noticed a troll
   356 | D        | Noticed an orc warrior
   356 | D        | Noticed a centaur
   360 | D        | Killed a centaur
   361 | D        | Reached skill level 6 in Maces & Flails
   361 | D        | Reached XP level 5. HP: 48/52 MP: 4/4
   377 | D        | Reached skill level 7 in Maces & Flails
   377 | D        | Reached skill level 1 in Dodging
   384 | D        | Killed an orc warrior
   385 | D        | Reached skill level 8 in Maces & Flails
   385 | D        | Reached XP level 6. HP: 40/62 MP: 5/5
   393 | D        | Killed a troll
   394 | D        | Reached skill level 9 in Maces & Flails
   394 | D        | Reached skill level 1 in Stealth
   601 | D        | Noticed a purple ugly thing
   605 | D        | Reached skill level 10 in Maces & Flails
   605 | D        | Reached XP level 7. HP: 70/70 MP: 6/6
   611 | D        | Killed a purple ugly thing
   612 | D        | Reached skill level 10 in Fighting
   612 | D        | Reached skill level 11 in Maces & Flails
   612 | D        | Reached skill level 10 in Shields
   612 | D        | Reached skill level 1 in Evocations
   612 | D        | Reached XP level 8. HP: 73/80 MP: 7/7
   616 | D        | Reached skill level 12 in Maces & Flails
   701 | D        | Noticed Maurice
   886 | D        | Got the ring "Misaef" {rN+ Int+2}
   902 | D        | Noticed a cane toad
   909 | D        | Killed a cane toad
   912 | D        | Reached skill level 10 in Armour
   915 | D        | Reached skill level 13 in Maces & Flails
   928 | D        | Reached skill level 5 in Dodging
   941 | D        | Reached XP level 9. HP: 35/89 MP: 8/8
   949 | D        | Reached skill level 14 in Maces & Flails
  1197 | D        | Noticed a black mamba
  1197 | D        | Noticed a komodo dragon
  1203 | D        | Noticed a cane toad
  1203 | D        | Killed a komodo dragon
  1208 | D        | Killed a black mamba
  1209 | D        | Reached skill level 15 in Maces & Flails
  1236 | D        | Killed a cane toad
  1482 | D        | Reached skill level 16 in Maces & Flails
  1490 | D        | Reached XP level 10. HP: 48/101 MP: 9/9
  1790 | D        | Noticed Sonja
  1802 | D        | Killed Sonja
  2042 | D        | Noticed Josephine
  2057 | D        | Killed Josephine
  2058 | D        | Reached skill level 17 in Maces & Flails
  2269 | D        | Noticed an orc knight
  2290 | D        | Killed an orc knight
  2317 | D        | Reached skill level 15 in Fighting
  2458 | D        | Found Aseush's Book Boutique.
  2458 | D        | Noticed an orc high priest
  2458 | D        | Noticed an orc high priest
  2458 | D        | Noticed an orc high priest
  2458 | D        | Noticed an orc high priest
  2462 | D        | Noticed a rust devil
  2465 | D        | Noticed a rust devil
  2468 | D        | Killed an orc high priest
  2469 | D        | Reached skill level 15 in Shields
  2469 | D        | Reached XP level 11. HP: 70/112 MP: 10/10
  2469 | D        | Found Ybrixkay's Weapon Shop.
  2473 | D        | Killed an orc high priest
  2478 | D        | Killed an orc high priest
  2479 | D        | Reached skill level 18 in Maces & Flails
  2486 | D        | Found Niget's Gadget Boutique.
  2489 | D        | Killed an orc high priest
  2494 | D        | Found Doontive's Armour Shop.
  3034 | D        | Bought a twisted demon whip for 660 gold pieces
  3034 | D        | Identified the +1 demon whip of Sudden Death {freeze,
                  | +Blink rElec rC- Str+5} (You bought it in a shop in the
                  | Dungeon)
  3082 | D        | Paralysed by Maurice for 2 turns
  3100 | D        | Killed Maurice
  3171 | D        | Found the +2 shield of Resistance {rF++ rC++ Will++}
  3250 | D        | Noticed a deep elf mage
  3250 | D        | Noticed a tengu warrior
  3255 | D        | Killed a tengu warrior
  3266 | D        | Noticed a stone giant
  3269 | D        | Killed a deep elf mage
  3270 | D        | Noticed an ogre mage
  3271 | D        | Noticed an ice dragon
  3271 | D        | Noticed a purple very ugly thing
  3278 | D        | Noticed a rakshasa
  3285 | D        | Killed a stone giant
  3286 | D        | Noticed a centaur warrior
  3300 | D        | Killed a purple very ugly thing
  3301 | D        | Reached skill level 10 in Dodging
  3714 | D        | Killed an ice dragon
  3715 | D        | Reached skill level 19 in Maces & Flails
  3774 | D        | Killed an ogre mage
  3775 | D        | Reached XP level 12. HP: 125/125 MP: 11/11
  3811 | D        | Killed a rakshasa
  3831 | D        | Killed a centaur warrior
  4006 | D        | Noticed a merfolk avatar
  4006 | D        | Noticed a merfolk aquamancer
  4016 | D        | Killed a merfolk aquamancer
  4017 | D        | Noticed a merfolk impaler
  4032 | D        | Killed a merfolk avatar
  4061 | D        | Killed a merfolk impaler
  4066 | D        | Reached skill level 20 in Maces & Flails
  4066 | D        | Reached skill level 1 in Throwing
  4070 | D        | Reached skill level 5 in Evocations
  4288 | D        | Noticed an alligator
  4296 | D        | Killed an alligator
  4303 | D        | Noticed an eleionoma
  4343 | D        | Killed an eleionoma
  4609 | D        | Noticed a spark wasp
  4618 | D        | Killed a spark wasp
  4633 | D        | Killed a ghost moth
  4634 | D        | Reached XP level 13. HP: 92/137 MP: 1/12
  4666 | D        | Reached skill level 21 in Maces & Flails
  4727 | D        | Noticed a nagaraja
  4730 | D        | Noticed a nagaraja
  4744 | D        | Killed a nagaraja
  4751 | D        | Killed a nagaraja
  5116 | D        | Noticed Rupert
  5132 | D        | Killed Rupert
  5244 | D        | Noticed Azrael
  5253 | D        | Killed Azrael
  5283 | D        | Noticed a storm dragon
  5286 | D        | Reached skill level 22 in Maces & Flails
  5289 | D        | Noticed a fire giant
  5305 | D        | Reached skill level 15 in Armour
  5309 | D        | Noticed a fire dragon
  5324 | D        | Killed a storm dragon
  5339 | D        | Killed a fire giant
  5339 | D        | Noticed an iron dragon
  5347 | D        | Noticed a fire giant
  5366 | D        | Killed a fire dragon
  5381 | D        | Killed an iron dragon
  5382 | D        | Reached XP level 14. HP: 106/151 MP: 13/13
  5388 | D        | Reached skill level 23 in Maces & Flails
  5396 | D        | Killed a fire giant
  5637 | D        | Noticed an ironheart preserver
  5649 | D        | Killed an ironheart preserver
  5662 | D        | Noticed a death cob
  5689 | D        | Killed a death cob
  5699 | D        | Reached skill level 24 in Maces & Flails
  5732 | D        | Noticed a stone giant
  5743 | D        | Noticed a lich
  5748 | D        | Killed a stone giant
  5764 | D        | Killed a lich
  6121 | D        | Noticed Margery
  6145 | D        | Killed Margery
  6145 | D        | Noticed Mennas
  6146 | D        | Reached skill level 25 in Maces & Flails
  6230 | D        | Slain by Mennas

Illustrated notes

Levels and vault maps discovered:
D:        linesprint [early_d, line_temple, items_1, d_10, items_2, lair_1,
          lair_end, items_3, orc_1, orc_end, items_4, d_15, swamp_1, shoals_1,
          snake_1, spider_1, d_20, vaults_1, items_5, swamp_end, shoals_end,
          snake_end, spider_end, vaults_end, d_27, items_6, zot_1, zot_end,
          crypt_end, forest_end, elf_end, slime_end, tomb_end, abyss_end,
          pan_hell_end]

Skill      XL: |  1  2  3  4  5  6  7  8  9 10 11 12 13 14 |
---------------+-------------------------------------------+-----
Fighting       | 4 5 6 7 8 9 10 11 13 15 17 19 21 23 | 23.7
Armour         | 4 5 6 7 8 9 10 12 13 15 17 | 17.1
Shields        | 4 5 7 8 9 10 11 13 15 17 19 21 24 | 24.2
Maces & Flails | 3 4 6 8 10 11 13 16 17 19 20 22 25 | 25.2
Dodging        | 1 2 3 5 6 8 10 11 12 | 12.8
Stealth        | 1 |  1.2
Evocations     | 1 2 3 4 5 |  5.4
Throwing       | 1 |  1.2

Action                   |  1- 3 |  4- 6 |  7- 9 | 10-12 | 13-15 || total
-------------------------+-------+-------+-------+-------+-------++-------
Melee: Flail             |    31 |    33 |   140 |   180 |       ||   384
       Headbutt          |     4 |     5 |    27 |    94 |   126 ||   256
       Demon whip        |       |       |       |   236 |   436 ||   672
Throw: Throwing net      |       |       |       |     1 |       ||     1
Invok: Call Merchant     |       |       |       |     1 |       ||     1
       Potion Petition   |       |       |       |       |     1 ||     1
 Abil: Evoke Blink       |       |       |       |     1 |       ||     1
Evoke: Wand              |       |     1 |     3 |     5 |     1 ||    10
  Use: Potion            |     1 |     3 |       |     5 |     3 ||    12
       Scroll            |       |       |       |     1 |       ||     1
 Stab: Distracted        |       |     1 |     1 |     4 |     5 ||    11
Armor: Scale mail        |    11 |       |       |       |       ||    11
       Ring mail         |       |     9 |    15 |    14 |       ||    38
       Chain mail        |       |       |       |    31 |    78 ||   109
Dodge: Dodged            |    10 |    13 |    36 |    65 |    61 ||   185
Block: Kite shield       |    16 |    17 |    45 |   148 |   177 ||   403

Table legend: (Time is in decaauts)
 A = Elapsed time spent in this place.
 B = Non-inter-level travel time spent in this place.
 C = Inter-level travel time spent in this place.
 D = Time resting spent in this place.
 E = Time spent auto-exploring this place.
 F = Levels seen in this place.
 G = Mean time per level.
                   A        B        C        D        E       F      G
               +--------+--------+--------+--------+--------+-----+--------+
         Total |   5832 |   5832 |      0 |   3088 |    869 |   1 | 5832.0 |
       Dungeon |   5832 |   5832 |      0 |   3088 |    869 |   1 | 5832.0 |
               +--------+--------+--------+--------+--------+-----+--------+

Top non-repeatable levels by time:
       D: 5832 daAuts
